 Dungeon Sprint DCSS version 0.19.4-10-g532645f (webtiles) character file.

9721 equalderp2856 the Eviscerator (level 11, -19/59 HPs)
             Began as a Felid Fighter on Feb 24, 2017.
             Was an Initiate of Gozag.
             Demolished by an Orb Guardian (32 damage)
             ... in the Dungeon (Sprint VII: "The Pits").
             The game lasted 00:35:18 (5349 turns).

equalderp2856 the Eviscerator (Felid Fighter)       Turns: 5349, Time: 00:35:19

Health: -19/59     AC:  3    Str: 13    XL:     11   Next: 26%
Magic:  22/22      EV: 39    Int: 16    God:    Gozag
Gold:   1362       SH:  0    Dex: 17    Spells: 2 memorised, 20 levels left
                                        Lives:  0   Deaths: 4

rFire  . . .     SeeInvis +       - Unarmed
rCold  + + .     Gourm    .     (armour unavailable)
rNeg   . . .     Faith    .     (shield unavailable)
rPois  +         Spirit   .     (helmet unavailable)
rElec  .         Reflect  .     (cloak unavailable)
rCorr  .         Harm     .     (gloves unavailable)
MR     +....     NoTele   +     (boots unavailable)
Stlth  +++++++++.               T - amulet "Tunoudat" {rPois rC+ Regen+ Int+4 Stlth+}
                                o - +3 ring of evasion
                                d - +3 ring of evasion

@: lethally poisoned (-19 -> -19), studying Fighting, quick
A: no armour, no weapons or thrown items, stealth, claws 1, fangs 3, see
invisible, carnivore 3, speed 1, shaggy fur 3, slow metabolism 1, sharp paws
a: Potion Petition, Call Merchant, Bribe Branch, Renounce Religion


You were in the Dungeon.
You worshipped Gozag.
Gozag was most pleased with you.
You were not hungry.

You visited 1 branch You collected 12200 gold pieces.
You paid 10838 gold pieces to Gozag.

Inventory:

Jewellery
 d - a +3 ring of evasion (left paw)
 o - a +3 ring of evasion (right paw)
 u - a +5 ring of slaying
 v - the ring of Munk {Fire rElec MR+ Int+4}
   (You found it in the Dungeon)

   [ring of fire]

   It enhances your fire magic.
   It affects your intelligence (+4).
   It protects you from fire.
   It makes you vulnerable to cold.
   It insulates you from electricity.
   It affects your resistance to hostile enchantments.
 O - the amulet "Qiebe" {+Rage Str+4 Dex+4}
   (You found it in the Dungeon)

   [amulet of rage]

   It affects your strength (+4).
   It affects your dexterity (+4).
   It lets you go berserk.
 P - the amulet of the Echidna {Spirit rElec rF+ Str+4}
   (You found it in the Dungeon)

   [amulet of guardian spirit]

   It causes incoming damage to be split between your health and magic.
   It affects your strength (+4).
   It protects you from fire.
   It insulates you from electricity.
 Q - the amulet of Hefeim {rF+ Regen+ SInv Stlth+}
   (You found it in the Dungeon)

   [amulet of regeneration]

   It protects you from fire.
   It lets you see invisible.
   It increases your rate of regeneration.
   It makes you more stealthy.
 R - the ring "Soujich" {Wiz rElec rF+ MR+ Dex-4}
   (You found it in the Dungeon)

   [ring of wizardry]

   It improves your spell success rate.
   It affects your dexterity (-4).
   It protects you from fire.
   It insulates you from electricity.
   It affects your resistance to hostile enchantments.
 S - the ring "Ablaluim" {rPois rF- rN+ MR+ EV+6}
   (You found it in the Dungeon)

   [ring of evasion]

   It affects your evasion (+6).
   It makes you vulnerable to fire.
   It protects you from poison.
   It protects you from negative energy.
   It affects your resistance to hostile enchantments.
 T - the amulet "Tunoudat" (around neck) {rPois rC+ Regen+ Int+4 Stlth+}
   (You found it in the Dungeon)

   [amulet of regeneration]

   It affects your intelligence (+4).
   It protects you from cold.
   It protects you from poison.
   It increases your rate of regeneration.
   It makes you more stealthy.
 U - the amulet "Arhuocs" {Regen+ Dex+7}
   (You found it in the Dungeon)

   [amulet of regeneration]

   It affects your dexterity (+7).
   It increases your rate of regeneration.
 V - the ring of Juylid {Wiz rN+ Str+3 Slay+3 Stlth+}
   (You found it in the Dungeon)

   [ring of wizardry]

   It improves your spell success rate.
   It affects your strength (+3).
   It affects your accuracy and damage with ranged weapons and melee attacks
   (+3).
   It protects you from negative energy.
   It makes you more stealthy.
 W - the ring "Tipy" {Ice *Drain rElec rN+++ MR-}
   (You found it in the Dungeon)

   [ring of ice]

   It enhances your ice magic.
   It makes you vulnerable to fire.
   It protects you from cold.
   It insulates you from electricity.
   It renders you almost immune to negative energy.
   It affects your resistance to hostile enchantments.
   It causes draining when unequipped.
 X - the ring of Honesty {+Blink MR+ Str+3 SInv}
   (You found it in the Dungeon)

   [ring of see invisible]

   It affects your strength (+3).
   It affects your resistance to hostile enchantments.
   It lets you see invisible.
   It lets you blink.
Wands
 m - a wand of flame (25/48)
 L - a wand of paralysis (12/24)
 M - a wand of hasting (5/9)
 N - a wand of heal wounds (5/9)
Scrolls
 j - 3 scrolls of remove curse
 k - 5 scrolls of amnesia
 l - a scroll of summoning
 n - a scroll of recharging
 t - 5 scrolls of identify
Potions
 c - a potion of heal wounds
 e - 2 potions of haste
 f - 4 potions of magic
 g - 2 potions of berserk rage
 i - 2 potions of invisibility
 p - a potion of resistance
 q - 3 potions of brilliance
 r - a potion of curing
 s - 2 potions of cure mutation
Books
 w - a book of Geomancy

   Spells                             Type                      Level
   a - Sandblast                      Earth                        1
   b - Passwall                       Transmutation/Earth          2
   c - Stone Arrow                    Conjuration/Earth            3
   d - Petrify                        Transmutation/Earth          4
   e - Lee's Rapid Deconstruction     Earth                        5
 x - a manual of Fighting
 y - a book of Alchemy

   Spells                             Type                      Level
   a - Sublimation of Blood           Necromancy                   2
   b - Ignite Poison                  Fire/Transmutation/Poison    3
   c - Petrify                        Transmutation/Earth          4
   d - Alistair's Intoxication        Transmutation/Poison         5
   e - Irradiate                      Conjuration/Transmutation    5
 z - a book of Beasts

   Spells                             Type                      Level
   a - Summon Butterflies             Summoning                    1
   b - Call Canine Familiar           Summoning                    3
   c - Summon Ice Beast               Ice/Summoning                4
   d - Summon Mana Viper              Hexes/Summoning              5
   e - Summon Hydra                   Summoning                    7
 A - a book of Minor Magic

   Spells                             Type                      Level
   a - Magic Dart                     Conjuration                  1
   b - Blink                          Translocation                2
   c - Call Imp                       Summoning                    2
   d - Repel Missiles                 Charms/Air                   2
   e - Slow                           Hexes                        2
   f - Conjure Flame                  Conjuration/Fire             3
   g - Mephitic Cloud                 Conjuration/Poison/Air       3
 B - the Compendium of Dislocated Creation
   (You found it in the Dungeon)

   Spells                             Type                      Level
   a - Summon Small Mammal            Summoning                    1
   b - Apportation                    Translocation                1
   c - Shroud of Golubria             Charms/Translocation         2
   d - Passage of Golubria            Translocation                4
   e - Dragon's Call                  Summoning                    9
 C - the Almanac of the Rocks and Confrontation
   (You found it in the Dungeon)

   Spells                             Type                      Level
   a - Static Discharge               Conjuration/Air              3
   b - Force Lance                    Conjuration/Translocation    4
   c - Sticky Flame                   Conjuration/Fire             4
   d - Lee's Rapid Deconstruction     Earth                        5
 D - the Compendium of Blistering Conjuration
   (You found it in the Dungeon)

   Spells                             Type                      Level
   a - Flame Tongue                   Conjuration/Fire             1
   b - Fireball                       Conjuration/Fire             5
   c - Ring of Flames                 Charms/Fire                  7
   d - Delayed Fireball               Conjuration/Fire             7
 E - a book of Alchemy

   Spells                             Type                      Level
   a - Sublimation of Blood           Necromancy                   2
   b - Ignite Poison                  Fire/Transmutation/Poison    3
   c - Petrify                        Transmutation/Earth          4
   d - Alistair's Intoxication        Transmutation/Poison         5
   e - Irradiate                      Conjuration/Transmutation    5
 F - a Grand Grimoire

   Spells                             Type                      Level
   a - Monstrous Menagerie            Summoning                    7
   b - Summon Greater Demon           Summoning                    7
   c - Malign Gateway                 Summoning/Translocation      7
   d - Summon Horrible Things         Summoning                    8
 G - a book of the Tempests

   Spells                             Type                      Level
   a - Static Discharge               Conjuration/Air              3
   b - Lightning Bolt                 Conjuration/Air              5
   c - Fireball                       Conjuration/Fire             5
   d - Tornado                        Air                          9
   e - Shatter                        Earth                        9
 H - a Necronomicon

   Spells                             Type                      Level
   a - Haunt                          Necromancy/Summoning         7
   b - Borgnjor's Revivification      Necromancy                   8
   c - Death's Door                   Charms/Necromancy            8
   d - Infestation                    Necromancy                   8
   e - Necromutation                  Transmutation/Necromancy     8
 I - a book of Maledictions

   Spells                             Type                      Level
   a - Corona                         Hexes                        1
   b - Ensorcelled Hibernation        Hexes/Ice                    2
   c - Confuse                        Hexes                        3
   d - Tukima's Dance                 Hexes                        3
   e - Dazzling Spray                 Conjuration/Hexes            3
 J - a book of Maledictions

   Spells                             Type                      Level
   a - Corona                         Hexes                        1
   b - Ensorcelled Hibernation        Hexes/Ice                    2
   c - Confuse                        Hexes                        3
   d - Tukima's Dance                 Hexes                        3
   e - Dazzling Spray                 Conjuration/Hexes            3
 K - a book of Cantrips

   Spells                             Type                      Level
   a - Confusing Touch                Hexes                        1
   b - Animate Skeleton               Necromancy                   1
   c - Summon Small Mammal            Summoning                    1
   d - Apportation                    Translocation                1
Comestibles
 b - 7 meat rations


   Skills:
 + Level 13.8 Fighting
 - Level 17.9 Dodging
 - Level 19.9 Stealth
 - Level 23.7 Unarmed Combat
 + Level 7.0 Spellcasting


You had 20 spell levels left.
You knew the following spells:

 Your Spells              Type           Power        Failure   Level  Hunger
a - Ensorcelled Hibernat  Hex/Ice        #.....       21%         2    None
b - Blink                 Tloc           N/A          21%         2    None


Dungeon Overview and Level Annotations

Branches:
Dungeon (1/1)

Altars:
Ashenzari
Cheibriados
Dithmenos
Elyvilon
Fedhas
Gozag
Hepliaklqana
Kikubaaqudgha
Makhleb
Nemelex Xobeh
Okawaru
Qazlal
Ru
Sif Muna
Trog
Uskayaw
Vehumet
Xom
Yredelemnul
Zin
The Shining One
Beogh
Jiyva
Lugonu

Annotations:
D Asmodeus, Lom Lobon, Louise, Mennas, Mnoleg, Serpent of Hell


Innate Abilities, Weirdness & Mutations

You cannot wear armour.
You are incapable of wielding weapons or throwing items.
Your paws allow you to move quietly. (Stealth)
You have sharp claws.
You have razor-sharp teeth.
You have supernaturally acute eyesight. (SInv)
You are carnivorous and can eat meat at any time.
You cover ground quickly.
Your thick and shaggy fur keeps you warm. (AC +3, rC+)
You have a slow metabolism.
Your sharp claws are effective at attacking unaware monsters.


Message History

The large abomination seems to grow stronger.
The Orb Guardian seems to speed up.
The Hell Sentinel evaporates and reforms as a Brimstone Fiend!
The large abomination seems to grow stronger. x2
The Orb Guardian seems to speed up. x2
The Orb Guardian suddenly seems more resistant.
The Orb Guardian suddenly seems more agile.
The Tzitzimitl suddenly seems more resistant.
The orb of fire suddenly seems more resistant.
An Orb Guardian, an orb of fire and the Serpent of Hell come into view.
Unknown command.
Unknown command.
Unknown command.
Unknown command.
A greater mummy and Louise come into view.
Louise is wielding a halberd of flaming.
You feel sick. The Orb Guardian hits you!!
Ouch! That really hurt!
You die...
Your body crumbles into a pile of gold.

###### ############
......# ##...........
ยง.....X##
##............
...XX.C.###.....###...##
..XDX*X2.#....###.......
MX.&XX.X.....##.........
@....X2@1...##........).
.XXXX.2.X...#...........
..0....1.X2.#...........
....XX..X...#.......)...
............##......[...
.X...........##.........
...*.D...#....###.......
........###.....###...##
..........


You could see Mnoleg, the Serpent of Hell, a greater mummy, 2 orbs of fire, a
tentacled monstrosity, a titan, a golden dragon, a Tzitzimitl, Louise (berserk),
a Brimstone Fiend, 11 Orb Guardians, a green death, a blizzard demon, 9 large
abominations, a hellion and a tormentor.

Vanquished Creatures
  A Killer Klown (D)
  A Brimstone Fiend (D)
  A lich (D)
  A Hell Sentinel (D)
  An Ice Fiend (D)
  An Orb Guardian (D)
  A draconian shifter (D)
  A draconian caller (D)
  A green draconian (D)
  A deep elf death mage (D)
  A naga warrior (D)
  Urug (D)
  2 vampire magi (D)
  A lindwurm (D)
  A hill giant (D)
  An orc knight (D)
  A flayed ghost (D)
  3 deep elf magi (D)
  2 orc sorcerers (D)
  A cyclops (D)
  2 manticores (D)
  2 sirens (D)
  Joseph (D)
  A spiny frog (D)
  A rust devil (D)
  A kobold demonologist (D)
  A demonic crawler (D)
  A tyrant leech (D)
  3 polar bears (D)
  A merfolk (D)
  A hornet (D)
  6 blink frogs (D)
  A bog body (D)
  A hippogriff (D)
  5 redbacks (D)
  A flying skull (D)
  A water elemental (D)
  A fire elemental (D)
  A tarantella (D)
  A hungry ghost (D)
  2 basilisks (D)
  A mottled dragon (D)
  A porcupine (D)
  A phantom (D)
  A swamp drake (D)
  3 necrophages (D)
  A centaur (D)
  A wolf (D)
  Blork the orc (D)
  A scorpion (D)
  3 killer bees (D)
  4 wights (D)
  A crimson imp (D)
  An iron imp (D)
  An iguana (D)
  A mummy (D)
  A gnoll (D)
  A river rat (D)
  2 oozes (D)
  An adder skeleton (D)
  An adder simulacrum (D)
  2 leopard geckos (D)
  5 orcs (D)
  A giant cockroach (D)
  A hobgoblin (D)
  2 jackals (D)
  A frilled lizard (D)
  A rat (D)
100 creatures vanquished.

Vanquished Creatures (collateral kills)
  An ancient lich (D)
  A curse toe (D)
  2 Orb Guardians (D)
  A storm dragon (D)
  A nagaraja (D)
  An iron dragon (D)
  A draconian annihilator (D)
  2 black draconians (D)
  A yellow draconian (D)
  A green death (D)
  A hydra (D)
  A spriggan air mage (D)
  A catoblepas (D)
  A merfolk aquamancer (D)
  A centaur warrior (D)
  A vampire mage (D)
  2 hell knights (D)
  A shadow wraith (D)
  A cherub (D)
  2 orc knights (D)
  2 necromancers (D)
  A lindwurm (D)
  A yaktaur (D)
  2 merfolk (D)
  2 redbacks (D)
  A water elemental (D)
  An orc warrior (D)
  2 orcs (D)
  A bat skeleton (D)
  2 bat zombies (D)
  A bat simulacrum (D)
  A jackal simulacrum (D)
41 creatures vanquished.

Vanquished Creatures (others)
  Dissolution (D)
  Margery (D)
  A curse toe (D)
  Jory (D)
  A Tzitzimitl (D)
  9 Orb Guardians (D)
  A titan (D)
  A draconian monk (D)
  A nagaraja (D)
  2 orc warlords (D)
  A frost giant (D)
  A balrug (D)
  A draconian knight (D)
  An iron dragon (D)
  2 vampire knights (D)
  2 deep elf annihilators (D)
  A white draconian (D)
  A yellow draconian (D)
  2 deep elf death magi (D)
  A green death (D)
  An ettin (D)
  A yaktaur captain (D)
  A vault guard (D)
  A catoblepas (D)
  A death knight (D)
  3 vampire magi (D)
  5 hell knights (D)
  2 deep elf knights (D)
  2 sixfirhies (D)
  6 orc knights (D)
  3 necromancers (D)
  An ugly thing (D)
  A moth of wrath (D)
  A rust devil (D)
  A tormentor (D)
  A polar bear (D)
  A hornet (D)
  A bog body (D)
  Prince Ribbit (D)
  A basilisk (D)
  2 orc warriors (D)
  An orc priest (D)
  An orc wizard (D)
  An adder zombie (D)
  2 ball lightnings (D)
  2 orcs (D)
  A leopard gecko zombie (D)
77 creatures vanquished.

Grand Total: 218 creatures vanquished

Notes
Turn   | Place    | Note
-------+----------+-------------------------------------------
     0 | D        | equalderp2856 the Felid Fighter began the quest for the Orb.
     0 | D        | Reached XP level 1. HP: 10/10 MP: 2/2
    23 | D        | Reached skill level 1 in Stealth
    23 | D        | Reached skill level 5 in Unarmed Combat
    23 | D        | Reached XP level 2. HP: 14/14 MP: 3/3
    74 | D        | Found a radiant altar of Vehumet.
    74 | D        | Found a hide-covered altar of Uskayaw.
    74 | D        | Found an ancient bone altar of Kikubaaqudgha.
    74 | D        | Found a viscous altar of Jiyva.
    74 | D        | Found a hazy altar of Hepliaklqana.
    75 | D        | Found a bloodstained altar of Trog.
    75 | D        | Found a deep blue altar of Sif Muna.
    75 | D        | Found a sacrificial altar of Ru.
    75 | D        | Found a stormy altar of Qazlal.
    75 | D        | Found an iron altar of Okawaru.
    75 | D        | Found a sparkling altar of Nemelex Xobeh.
    75 | D        | Found an opulent altar of Gozag.
    75 | D        | Found a blossoming altar of Fedhas.
    75 | D        | Found a white marble altar of Elyvilon.
    75 | D        | Found a shadowy altar of Dithmenos.
    75 | D        | Found a snail-covered altar of Cheibriados.
    76 | D        | Found a glowing golden altar of the Shining One.
    76 | D        | Found a glowing silver altar of Zin.
    77 | D        | Found a burning altar of Makhleb.
    77 | D        | Found a basalt altar of Yredelemnul.
    77 | D        | Found a roughly hewn altar of Beogh.
    78 | D        | Found a corrupted altar of Lugonu.
    78 | D        | Found a shimmering altar of Xom.
    78 | D        | Found a shattered altar of Ashenzari.
    81 | D        | Became a worshipper of Gozag Ym Sagoz the Greedy
   121 | D        | Noticed a scorpion
   137 | D        | Reached skill level 5 in Dodging
   137 | D        | Reached skill level 6 in Unarmed Combat
   147 | D        | Killed a scorpion
   147 | D        | Reached skill level 7 in Unarmed Combat
   147 | D        | Reached XP level 3. HP: 6/18 MP: 4/4
   147 | D        | Reached XP level 4. HP: 7/22 MP: 5/5
   365 | D        | Noticed a deep elf mage
   386 | D        | Killed from afar by a deep elf mage
   387 | D        | Reached XP level 3. HP: -13/18 MP: 4/4
   406 | D        | Killed a deep elf mage
   406 | D        | Reached skill level 11 in Unarmed Combat
   406 | D        | Reached XP level 4. HP: 7/24 MP: 5/5
   406 | D        | Reached XP level 5. HP: 9/28 MP: 6/6
   406 | D        | Gained mutation: You are covered in thick fur. (AC +2) [Felid growth]
   406 | D        | Reached XP level 6. HP: 9/31 MP: 7/7
   467 | D        | Noticed Prince Ribbit
   508 | D        | Reached XP level 7. HP: 24/35 MP: 8/8
   591 | D        | Reached skill level 12 in Unarmed Combat
   715 | D        | Noticed a hornet
   717 | D        | Killed a hornet
   717 | D        | Reached skill level 10 in Dodging
   717 | D        | Reached skill level 10 in Stealth
   720 | D        | Noticed Blork the orc
   732 | D        | Killed Blork the orc
   741 | D        | Noticed Joseph
   771 | D        | Killed Joseph
   771 | D        | Reached skill level 13 in Unarmed Combat
   771 | D        | Reached XP level 8. HP: 27/40 MP: 9/9
   779 | D        | Reached skill level 14 in Unarmed Combat
   970 | D        | Noticed a blink frog
   970 | D        | Noticed a cyclops
   986 | D        | Noticed a blink frog
   987 | D        | Noticed a blink frog
   987 | D        | Noticed a kobold demonologist
   988 | D        | Noticed a blink frog
   991 | D        | Noticed a blink frog
   993 | D        | Noticed a blink frog
  1002 | D        | HP: 2/40 [blink frog (14)]
  1010 | D        | Killed a cyclops
  1014 | D        | Killed a blink frog
  1014 | D        | Reached XP level 9. HP: 20/43 MP: 10/10
  1016 | D        | Reached skill level 15 in Unarmed Combat
  1019 | D        | Slain by a blink frog
  1020 | D        | Reached XP level 8. HP: -5/40 MP: 9/9
  1050 | D        | Killed a blink frog
  1052 | D        | Killed a blink frog
  1053 | D        | Killed a blink frog
  1078 | D        | Killed a blink frog
  1115 | D        | Noticed Urug
  1116 | D        | Noticed an orange demon
  1122 | D        | Killed a kobold demonologist
  1122 | D        | Reached skill level 16 in Unarmed Combat
  1122 | D        | Reached XP level 9. HP: 33/43 MP: 10/10
  1139 | D        | Killed Urug
  1160 | D        | Noticed a polar bear
  1177 | D        | Killed a polar bear
  1177 | D        | Reached skill level 17 in Unarmed Combat
  1261 | D        | Noticed a deep elf mage
  1263 | D        | Noticed an orc sorcerer
  1278 | D        | Killed an orc sorcerer
  1282 | D        | Reached XP level 10. HP: 46/48 MP: 11/11
  1294 | D        | Killed a deep elf mage
  1321 | D        | Noticed a vampire mage
  1324 | D        | Reached skill level 18 in Unarmed Combat
  1326 | D        | Noticed a shadow wraith
  1326 | D        | Noticed a jiangshi
  1372 | D        | Noticed a flayed ghost
  1372 | D        | Noticed a phantasmal warrior
  1399 | D        | Killed a vampire mage
  1399 | D        | Reached skill level 15 in Dodging
  1532 | D        | Noticed a flayed ghost
  1544 | D        | Killed a flayed ghost
  1570 | D        | Noticed a lindwurm
  1597 | D        | Noticed an alligator
  1615 | D        | Noticed a siren
  1618 | D        | Reached skill level 19 in Unarmed Combat
  1620 | D        | Killed a siren
  1672 | D        | Noticed a spiny frog
  1682 | D        | Killed a lindwurm
  1695 | D        | Killed a spiny frog
  2053 | D        | Reached XP level 11. HP: 46/50 MP: 12/12
  2100 | D        | Noticed a hill giant
  2220 | D        | Gained mutation: Your muscles are strong. (Str +2) [potion of beneficial mutation]
  2227 | D        | Killed a hill giant
  2227 | D        | Reached skill level 20 in Unarmed Combat
  2368 | D        | Reached skill level 15 in Stealth
  2552 | D        | Lost mutation: Your muscles are strong. (Str +2) [potion of cure mutation]
  2562 | D        | Noticed an eight-headed hydra
  2562 | D        | Noticed an orc sorcerer
  2567 | D        | Killed an orc sorcerer
  2925 | D        | Noticed a merfolk aquamancer
  3311 | D        | Noticed a vampire knight
  3313 | D        | Noticed a lindwurm
  3317 | D        | Killed a lindwurm
  3327 | D        | Killed a merfolk aquamancer
  3332 | D        | Noticed a frost giant
  3333 | D        | Reached skill level 21 in Unarmed Combat
  3335 | D        | Killed a shadow wraith
  3477 | D        | Noticed a sixfirhy
  3478 | D        | Noticed a vampire mage
  3479 | D        | Noticed a white draconian
  3485 | D        | Noticed a deep elf annihilator
  3485 | D        | Noticed a vampire mage
  3487 | D        | Noticed a deep elf death mage
  3487 | D        | Noticed a green draconian annihilator
  3493 | D        | Noticed a vampire mage
  3495 | D        | Noticed a shadow wraith
  3496 | D        | Killed a vampire mage
  3497 | D        | Noticed a vampire mage
  3501 | D        | Killed a deep elf death mage
  3504 | D        | Noticed a deep elf death mage
  3504 | D        | Noticed a lich
  3504 | D        | Killed a deep elf death mage
  3505 | D        | Killed a vampire mage
  3506 | D        | Killed a deep elf annihilator
  3510 | D        | Noticed a spriggan air mage
  3547 | D        | Noticed a black draconian
  3550 | D        | Killed a sixfirhy
  3551 | D        | Noticed a catoblepas
  3552 | D        | Noticed a green death
  3558 | D        | Noticed a cherub
  3567 | D        | Killed a vampire mage
  3576 | D        | Noticed a yellow draconian
  3576 | D        | Noticed an ancient lich
  3576 | D        | Noticed a purple draconian caller
  3578 | D        | Noticed a yellow draconian
  3584 | D        | Killed a catoblepas
  3628 | D        | Identified the Compendium of Dislocated Creation (You found it in the Dungeon)
  3631 | D        | Identified the Almanac of the Rocks and Confrontation (You found it in the Dungeon)
  3633 | D        | Identified the Compendium of Blistering Conjuration (You found it in the Dungeon)
  3694 | D        | Learned a level 2 spell: Ensorcelled Hibernation
  3697 | D        | Learned a level 2 spell: Blink
  3759 | D        | Got the amulet "Jetas" {*Drain Regen+ Int+4 Dex+5}
  3761 | D        | Got the amulet "Hosmex" {Spirit *Corrode rC+ rN+ Dex+3}
  3763 | D        | Got the amulet of Hefeim {rF+ Regen+ SInv Stlth+}
  3765 | D        | Got the ring of Erchie {+Fly MR+ SInv}
  3768 | D        | Got the amulet "Tiproiro" {Faith rC+ rN+ Str-3 Slay+4}
  3770 | D        | Got the amulet "Tunoudat" {rPois rC+ Regen+ Int+4 Stlth+}
  3772 | D        | Got the amulet "Arhuocs" {Regen+ Dex+7}
  3774 | D        | Got the amulet "Ataf" {Regen+ Dex+4}
  3776 | D        | Got the amulet of Dishonesty {RegenMP Slay+3}
  3778 | D        | Got the amulet "Xaogog" {Spirit *Corrode rC+ Str+3}
  3781 | D        | Got the amulet "Jifyfih" {+Rage Int-3 Dex+5}
  3783 | D        | Got the amulet "Ymaposil" {+Rage Str+4}
  3805 | D        | Got the amulet "Qiebe" {+Rage Str+4 Dex+4}
  3813 | D        | Got the amulet of the Echidna {Spirit rElec rF+ Str+4}
  3859 | D        | Noticed Ozxuseux the pandemonium lord
  3863 | D        | Noticed a titan
  3866 | D        | Noticed a Brimstone Fiend
  3868 | D        | Killed a Brimstone Fiend
  3871 | D        | Noticed a Killer Klown
  3873 | D        | Killed a Killer Klown
  3873 | D        | Reached skill level 22 in Unarmed Combat
  3873 | D        | Gained mutation: Your thick and shaggy fur keeps you warm. (AC +3, rC+) [Felid growth]
  3873 | D        | Reached XP level 12. HP: 56/56 MP: 13/13
  3876 | D        | Noticed a Hell Sentinel
  3878 | D        | Killed a Hell Sentinel
  3884 | D        | Noticed a nagaraja
  3884 | D        | Noticed an iron dragon
  3888 | D        | Killed a spriggan air mage
  3896 | D        | Killed an iron dragon
  3896 | D        | Reached skill level 23 in Unarmed Combat
  3910 | D        | Killed a nagaraja
  3928 | D        | Killed a lich
  3936 | D        | Killed a deep elf death mage
  3937 | D        | Killed an ancient lich
  3945 | D        | Killed a white draconian
  3955 | D        | Killed a yellow draconian
  3962 | D        | Killed a purple draconian caller
  4032 | D        | Killed a green death
  4107 | D        | Killed a black draconian
  4113 | D        | Killed a green draconian annihilator
  4349 | D        | Noticed an orc warlord
  4349 | D        | Noticed an orc warlord
  4363 | D        | Noticed a vampire knight
  4467 | D        | Killed a vault guard
  4486 | D        | Noticed a vault guard
  4489 | D        | Noticed a vault guard
  4490 | D        | Noticed a naga warrior
  4491 | D        | Noticed a storm dragon
  4492 | D        | Noticed a naga warrior
  4494 | D        | Killed a yaktaur captain
  4496 | D        | Killed an orc warlord
  4502 | D        | Killed a storm dragon
  4506 | D        | Killed a naga warrior
  4529 | D        | Killed an orc warlord
  4600 | D        | Noticed a naga warrior
  4834 | D        | Got the ring "Soujich" {Wiz rElec rF+ MR+ Dex-4}
  4836 | D        | Got the ring "Pemuskimu" {rPois MR+ SInv}
  4838 | D        | Got the ring of Roanliett {MR+ Str+5 Int+6 Stlth-}
  4840 | D        | Got the ring of the Lizard {rN+ MR+ Str+7}
  4842 | D        | Got the ring of Honesty {+Blink MR+ Str+3 SInv}
  4845 | D        | Got the ring "Tufaeru" {rF+ Dex+3}
  4857 | D        | Got the ring "Ablaluim" {rPois rF- rN+ MR+ EV+6}
  4859 | D        | Got the ring of Juylid {Wiz rN+ Str+3 Slay+3 Stlth+}
  4861 | D        | Got the ring of Xetietod {rPois Slay+3}
  4865 | D        | Got the ring of Cuockani {+Blink rPois rC+ Int+6 Dex-2}
  4879 | D        | Got the ring of Munk {Fire rElec MR+ Int+4}
  4890 | D        | Got the ring "Tipy" {Ice *Drain rElec rN+++ MR-}
  4981 | D        | Noticed a four-headed hydra
  4981 | D        | Noticed a catoblepas
  4981 | D        | Noticed a nagaraja
  4981 | D        | Noticed a centaur warrior
  4982 | D        | Killed a centaur warrior
  4982 | D        | Reached skill level 1 in Spellcasting
  4984 | D        | Killed a four-headed hydra
  4984 | D        | Reached skill level 10 in Fighting
  4987 | D        | Killed a catoblepas
  5133 | D        | Noticed a spriggan defender
  5137 | D        | Noticed an orc warlord
  5139 | D        | Noticed a merfolk avatar
  5143 | D        | Noticed an eight-headed hydra
  5148 | D        | Reached XP level 13. HP: 63/63 MP: 19/19
  5162 | D        | Killed Prince Ribbit
  5167 | D        | Noticed Asmodeus
  5167 | D        | Noticed a balrug
  5168 | D        | Noticed Margery
  5169 | D        | Noticed a black draconian shifter
  5171 | D        | Noticed a curse toe
  5179 | D        | Noticed Dissolution
  5181 | D        | Noticed an iron dragon
  5181 | D        | Noticed an Orb Guardian
  5181 | D        | Noticed an Orb Guardian
  5181 | D        | Noticed an Orb Guardian
  5182 | D        | Noticed a green draconian
  5182 | D        | Noticed an Orb Guardian
  5185 | D        | Killed a black draconian shifter
  5189 | D        | Your ally died
  5190 | D        | Noticed Jory
  5190 | D        | Noticed an Orb Guardian
  5191 | D        | Noticed an Orb Guardian
  5191 | D        | Noticed an ettin
  5191 | D        | Noticed a green death
  5192 | D        | Noticed an Orb Guardian
  5192 | D        | Noticed Lom Lobon
  5193 | D        | Noticed Mennas
  5195 | D        | Noticed a Tzitzimitl
  5197 | D        | Killed a nagaraja
  5200 | D        | Killed a green draconian
  5200 | D        | Reached skill level 5 in Spellcasting
  5201 | D        | HP: 3/65 [Orb Guardian (42)]
  5201 | D        | Killed a vampire knight
  5202 | D        | HP: 1/65 [Orb Guardian (19)]
  5203 | D        | Annihilated by Mennas
  5203 | D        | Killed a balrug
  5204 | D        | Reached XP level 12. HP: -23/61 MP: 21/21
  5207 | D        | Killed an Orb Guardian
  5208 | D        | Killed a Tzitzimitl
  5210 | D        | Noticed an Orb Guardian
  5210 | D        | Noticed an Orb Guardian
  5210 | D        | Noticed an Orb Guardian
  5213 | D        | Noticed an Ice Fiend
  5213 | D        | Noticed a curse toe
  5214 | D        | Noticed a Hell Sentinel
  5215 | D        | Noticed a black draconian
  5215 | D        | Noticed a green death
  5215 | D        | Noticed a green draconian knight
  5215 | D        | Killed Jory
  5216 | D        | Killed an Orb Guardian
  5216 | D        | Killed an iron dragon
  5217 | D        | Noticed a purple draconian monk
  5217 | D        | Killed an Orb Guardian
  5218 | D        | Killed Dissolution
  5219 | D        | Killed an Orb Guardian
  5220 | D        | Killed an ettin
  5220 | D        | Killed a green death
  5221 | D        | Noticed an Orb Guardian
  5221 | D        | Noticed an Orb Guardian
  5221 | D        | Noticed an Orb Guardian
  5221 | D        | Killed an Orb Guardian
  5222 | D        | Killed an Orb Guardian
  5224 | D        | Killed an Orb Guardian
  5228 | D        | Killed a black draconian
  5235 | D        | Killed a curse toe
  5237 | D        | Killed an Orb Guardian
  5247 | D        | Killed an Ice Fiend
  5313 | D        | HP: 2/63 [Orb Guardian (34)]
  5315 | D        | Killed by an exploding ball lightning
  5316 | D        | Reached XP level 11. HP: -5/59 MP: 22/22
  5340 | D        | Noticed a green death
  5341 | D        | Noticed a Hell Sentinel
  5343 | D        | Noticed an Orb Guardian
  5344 | D        | Noticed a blizzard demon
  5344 | D        | Noticed an Orb Guardian
  5344 | D        | Noticed an Orb Guardian
  5344 | D        | Noticed a titan
  5344 | D        | Noticed Mnoleg
  5344 | D        | Noticed an Orb Guardian
  5344 | D        | Noticed an Orb Guardian
  5344 | D        | Noticed an Orb Guardian
  5344 | D        | Noticed a Tzitzimitl
  5345 | D        | Noticed an Orb Guardian
  5346 | D        | Noticed an orb of fire
  5346 | D        | Noticed a golden dragon
  5346 | D        | Noticed an Orb Guardian
  5346 | D        | Noticed an Orb Guardian
  5346 | D        | Noticed an Orb Guardian
  5346 | D        | Noticed an Orb Guardian
  5347 | D        | Noticed a tentacled monstrosity
  5348 | D        | Noticed a large abomination
  5348 | D        | Noticed a large abomination
  5348 | D        | Noticed a large abomination
  5348 | D        | Noticed a Brimstone Fiend
  5348 | D        | a Hell Sentinel changed into a Brimstone Fiend
  5349 | D        | Noticed an Orb Guardian
  5349 | D        | Noticed an orb of fire
  5349 | D        | Noticed the Serpent of Hell
  5349 | D        | Noticed Louise
  5349 | D        | Noticed a greater mummy
  5349 | D        | Demolished by an Orb Guardian

Skill      XL: |  1  2  3  4  5  6  7  8  9 10 11 12 13 |
---------------+----------------------------------------+-----
Stealth        | 1 4 8 9 11 13 14 18 19 | 19.9
Unarmed Combat | 5 7 11 13 16 17 19 22 23 | 23.7
Dodging        | 5 9 10 13 14 15 17 | 17.9
Fighting       | 4 6 7 8 13 12 | 13.8
Spellcasting   | 7 5 |  7.0

Action                   |  1- 3 |  4- 6 |  7- 9 | 10-12 | 13-15 || total
-------------------------+-------+-------+-------+-------+-------++-------
Melee: Unarmed           |    25 |    31 |   134 |   221 |    13 ||   424
       Bite              |     2 |     3 |    21 |    31 |     2 ||    59
       Punch             |       |     1 |     9 |    27 |       ||    37
Invok: Potion Petition   |       |       |     2 |     2 |       ||     4
       Bribe Branch      |       |       |       |     3 |       ||     3
  Use: Potion            |     2 |     5 |    10 |    11 |     1 ||    29
       Scroll            |       |       |       |     1 |     2 ||     3
 Stab: Sleeping          |     5 |       |     3 |     9 |       ||    17
       Distracted        |       |       |     2 |     7 |     2 ||    11
       Paralysed         |       |       |       |     1 |       ||     1
  Eat: Meat ration       |       |       |       |     1 |       ||     1
Armor: Skin              |       |     1 |     3 |     3 |     1 ||     8
Dodge: Dodged            |     8 |    15 |   158 |   199 |    19 ||   399
